 Dungeon Crawl Stone Soup version 0.31-a0-1178-gc5c9b8f871 (webtiles) character file.

Game seed: 8610246141599409485

590 grandjackal the Slasher (level 7, -2/61 HPs)
             Began as a Grey Draconian Gladiator on Dec 12, 2023.
             Slain by an orc wizard
             ... wielding a +0 dagger
              (4 damage)
             ... on level 4 of the Dungeon.
             The game lasted 00:03:46 (3020 turns).

grandjackal the Slasher (Grey Draconian Gladiator)  Turns: 3020, Time: 00:03:46

Health: -2/61      AC: 12    Str: 17    XL:     7   Next: 16%
Magic:  7/7        EV: 13    Int:  8    God:
Gold:   136        SH:  0    Dex: 14    Spells: 6/6 levels left

rFire   . . .        a - +0 long sword
rCold   . . .        (no shield)
rNeg    . . .        (body armour unavailable)
rPois   .            b - +0 hat
rElec   .            k - +0 cloak
rCorr   .            (no gloves)
SInv    .            (no boots)
Will    .....        (no amulet)
Stlth   +            (no ring)
HPRegen 0.30/turn    (no ring)
MPRegen 0.10/turn

%: no passive effects
@: confused
A: AC +11, amphibious, unfitting armour, cold-blooded
a: no special abilities


You were on level 4 of the Dungeon.
You visited 1 branch of the dungeon, and saw 4 of its levels.

You collected 136 gold pieces.

Inventory:

Hand Weapons
 a - a +0 long sword (weapon)
 p - a +2 dagger of speed
Missiles
 c - 2 throwing nets (quivered)
 d - a javelin
Armour
 b - a +0 hat (worn)
 f - a +0 buckler
 k - a +0 cloak (worn)
Jewellery
 s - a +6 ring of dexterity
Scrolls
 g - a scroll of noise {unknown}
 h - 2 scrolls of teleportation {unknown}
 i - 2 scrolls of vulnerability {unknown}
 j - a scroll of immolation {unknown}
 l - a scroll of poison {unknown}
 n - a scroll of identify {unknown}
 o - a scroll of blinking {unknown}
 q - a scroll of enchant armour {unknown}
 r - a scroll of fear {unknown}
Potions
 m - a potion of haste {unknown}


   Skills:
 + Level 5.0 Fighting
 + Level 5.0 Long Blades
 - Level 2.0 Throwing
 + Level 4.6 Dodging
 + Level 2.1 Shields


You had 6 spell levels left.
You didn't know any spells.
Your spell library contained the following spells:

 Spells                   Type           Power      Damage    Failure   Level
 Poisonous Vapours        Pois/Air       0%         N/A       54%         2
 Mephitic Cloud           Conj/Pois/Air  0%         N/A       78%         3
 Manifold Assault         Tloc           0%         N/A       99%         4
 Freezing Cloud           Conj/Ice/Air   0%         6-21      100%        5
 Dispersal                Tloc           0%         N/A       100%        6
 Disjunction              Tloc           0%         N/A       100%        8


Dungeon Overview and Level Annotations

Branches:
Dungeon (4/15)
 Temple: D:4-7

Altars:
Nemelex Xobeh


Innate Abilities, Weirdness & Mutations

Your dull iron-grey scales are very hard. (AC +11)
You are amphibious.
You cannot fit into any form of body armour.
You are cold-blooded and may be slowed by cold attacks.


Message History

You closely miss the adder.
Your tail-slap misses the adder.
The adder is heavily wounded.
The adder barely misses you.
The orc priest mumbles some strange prayers to Beogh against you.
Beogh smites you!
* * * LOW HITPOINT WARNING * * *
You hit the adder but do no damage.
The adder is heavily wounded.
The adder closely misses you. The orc priest closely misses you.
The adder barely misses you.
You closely miss the adder.
The adder is heavily wounded.
The adder misses you.
The orc priest looks encouraged for a moment.
You closely miss the adder.
The adder is heavily wounded.
The adder bites you but does no damage. The orc priest completely misses you.
The adder barely misses you.
You closely miss the adder.
The adder is heavily wounded.
The orc priest completely misses you. The adder bites you but does no damage.
You hit the adder. You tail-slap the adder.
You kill the adder!
The orc priest hits you from afar with a +0 trident.
* * * LOW HITPOINT WARNING * * *
The orc priest hits you but does no damage.
You miss something.
Your tail-slap misses something.
You hear some strange, mumbled words.
You are confused.
The orc priest hits you but does no damage.
You bump into the rock wall.
Something hits you but does no damage. The orc priest closely misses you.
You miss something.
Your tail-slap misses something.
Something hits you but does no damage.
The orc priest hits you from afar with a +0 trident!
* * * LOW HITPOINT WARNING * * *
You bump into the rock wall.
Something hits you but does no damage. The orc priest barely misses you.
You bump into the rock wall.
Something hits you.
You die...

....o.)$...#
...#o###)#.# #
.##.###.#.#######.#
......oo#.......#.#
.##.###.#..†......#
.##.###.#######.#.#
........# #.#.#
###.###o#######.#.##
#.{@.........#
########.....#
#..#..#######
#..#........#
#..####.###.# #..#
#.# #.# #..# #.# #.#
#..# #.# #.# ...
#.###.#


You could see an orc priest.

Vanquished Creatures
  Sigmund (D:2)
  A hound (D:4)
  4 orc priests
  Crazy Yiuf (D:3)
  Jessica (D:2)
  An iguana (D:4)
  Terence (D:2)
  An orc wizard (D:3)
  6 adders
  A gnoll (D:1)
  3 worms
  4 dart slugs
  12 orcs
  2 ball pythons
  3 endoplasms
  2 giant cockroaches
  5 goblins
  6 hobgoblins
  2 jackals (D:1)
  4 quokkas
  3 bats
  3 frilled lizards (D:2)
  7 kobolds
  5 rats
79 creatures vanquished.

Notes
Turn   | Place    | Note
-------+----------+-------------------------------------------
     0 | D:1      | grandjackal the Draconian Gladiator began the quest for the
                  | Orb.
     0 | D:1      | Reached XP level 1. HP: 17/17 MP: 1/1
   305 | D:1      | Reached XP level 2. HP: 25/25 MP: 2/2
   559 | D:1      | Reached XP level 3. HP: 21/30 MP: 3/3
   689 | D:2      | Noticed Terence
   700 | D:2      | Killed Terence
   777 | D:2      | Noticed Sigmund
   815 | D:2      | Killed Sigmund
   816 | D:2      | Reached XP level 4. HP: 26/40 MP: 4/4
   816 | D:2      | Reached XP level 5. HP: 30/46 MP: 5/5
  1022 | D:2      | Noticed Jessica
  1041 | D:2      | Killed Jessica
  1042 | D:2      | Reached XP level 6. HP: 18/52 MP: 6/6
  1249 | D:2      | Found a faded altar of an unknown god.
  1773 | D:3      | Found a runed translucent door.
  1774 | D:3      | Noticed Crazy Yiuf
  2022 | D:3      | Reached skill level 1 in Shields
  2022 | D:3      | HP: 1/53 [orc/+0 mace (2)]
  2247 | D:3      | Found a sparkling altar of Nemelex Xobeh.
  2389 | D:3      | Killed Crazy Yiuf
  2956 | D:4      | Your scales start taking on a dull iron-grey colour.
  2956 | D:4      | Reached XP level 7. HP: 60/60 MP: 7/7
  2982 | D:4      | Reached skill level 5 in Fighting
  2982 | D:4      | Reached skill level 5 in Long Blades
  3018 | D:4      | HP: 1/61 [orc priest/+0 trident (8)]
  3020 | D:4      | Slain by an orc wizard

Illustrated notes

Levels and vault maps discovered:
D:1:      beargit_arrival_diablo_church, layout_loops_ring
D:2:      layout_basic, shapermc_ecumenical_altar_venn, uniq_jessica,
          uniq_sigmund, uniq_terence
D:3:      layout_loops_ring, nicolae_overflow_hidden_temple,
          kennysheep_orc_chapel, uniq_crazy_yiuf_cottage
D:4:      layout_loops_ring, marbit_many_paths

Skill      XL: |  1  2  3  4  5  6  7 |
---------------+----------------------+-----
Throwing       | 2 |  2.0
Dodging        | 3 4 |  4.6
Fighting       | 4 5 |  5.0
Long Blades    | 4 5 |  5.0
Shields        | 1 2 |  2.1

Action                     |  1- 3 |  4- 6 |  7- 9 || total
---------------------------+-------+-------+-------++-------
  Melee: Long sword        |    77 |   204 |    44 ||   325
         Tailslap          |    16 |    26 |     4 ||    46
         Punch             |       |     3 |     2 ||     5
  Throw: Throwing net      |     2 |       |       ||     2
    Use: Potion            |     4 |     2 |     1 ||     7
   Stab: Sleeping          |       |     2 |       ||     2
 Armour: Skin              |    42 |   131 |    33 ||   206
  Dodge: Dodged            |    53 |   185 |    43 ||   281

Table legend: (Time is in decaauts)
 A = Elapsed time spent in this place.
 B = Non-inter-level travel time spent in this place.
 C = Inter-level travel time spent in this place.
 D = Time resting spent in this place.
 E = Time spent auto-exploring this place.
 F = Levels seen in this place.
 G = Mean time per level.
                   A        B        C        D        E       F      G
               +--------+--------+--------+--------+--------+-----+--------+
         Total |   3086 |   3033 |     53 |    550 |   1758 |   4 |  771.5 |
       Dungeon |   3086 |   3033 |     53 |    550 |   1758 |   4 |  771.5 |
               +--------+--------+--------+--------+--------+-----+--------+

Top non-repeatable levels by time:
     D:3: 1174 daAuts
     D:2: 740 daAuts
     D:1: 692 daAuts
     D:4: 479 daAuts
